 Dungeon Crawl Stone Soup version 0.30-a0-782-ge64f9170bb (webtiles) character file.

Game seed: 5311794900434088664

2270 mopl the Jinx (level 9, -3/52 HPs)
             Began as a Deep Elf Enchanter on Mar 14, 2023.
             Was a Follower of Dithmenos.
             Succumbed to a killer bee's poison
             ... on level 7 of the Dungeon.
             The game lasted 00:09:04 (5034 turns).

mopl the Jinx (Deep Elf Enchanter)                  Turns: 5034, Time: 00:09:05

Health: -3/52      AC:  3    Str:  5    XL:     9   Next: 16%
Magic:  11/22      EV: 17    Int: 31    God:    Dithmenos [*.....]
Gold:   118        SH:  0    Dex: 15    Spells: 9/22 levels left

rFire   . . .      SeeInvis .    a - +1 dagger
rCold   . . .      Faith    .    (no shield)
rNeg    . . .      Spirit   .    b - +0 robe
rPois   .          Reflect  .    n - +0 helmet
rElec   .          Harm     .    L - scarf {shadows}
rCorr   .          Rampage  .    (no gloves)
Will    .....                    (no boots)
Stlth   ++++                     H - amulet of magic regeneration
HPRegen 0.28/turn                B - +6 ring of intelligence
MPRegen 0.58/turn                G - +5 ring of evasion

@: lethally poisoned (-3 -> -21), wreathed by umbra
A: no striking features
a: Renounce Religion


You were on level 7 of the Dungeon.
You worshipped Dithmenos.
Dithmenos was aware of your devotion.
You visited 1 branch of the dungeon, and saw 7 of its levels.

You collected 358 gold pieces.
You spent 240 gold pieces at shops.

Inventory:

Hand Weapons
 a - a +1 dagger (weapon)
 t - a +2 long sword of draining
Missiles
 j - 20 poisoned darts
Armour
 b - a +0 robe (worn)
 n - a +0 helmet (worn)
 L - a scarf of shadows (worn)
Jewellery
 r - a ring of flight
 y - a ring of protection from cold
 B - a +6 ring of intelligence (left hand)
 C - a ring of resist corrosion
 G - a +5 ring of evasion (right hand)
 H - an amulet of magic regeneration (around neck)
Wands
 k - a wand of digging (13)
 v - a wand of flame (24)
 E - a wand of polymorph (8)
Scrolls
 f - a scroll of fog {unknown}
 h - 2 scrolls of enchant armour {unknown}
 i - 6 scrolls of identify {unknown}
 l - 2 scrolls of fear {unknown}
 q - 2 scrolls of enchant weapon {unknown}
 s - a scroll of immolation {unknown}
 w - a scroll of noise {unknown}
 x - a scroll of summoning {unknown}
 z - 2 scrolls of poison {unknown}
 A - a scroll of vulnerability {unknown}
 D - a scroll of teleportation {unknown}
 I - a scroll of torment {unknown}
 J - a scroll of amnesia {unknown}
 K - a scroll of blinking {unknown}
Potions
 c - 5 potions of invisibility
 d - a potion of degeneration {unknown}
 e - 3 potions of cancellation
 g - a potion of mutation {unknown}
 m - 3 potions of heal wounds {unknown}
 o - 4 potions of curing {unknown}
 p - 2 potions of might {unknown}
 u - a potion of flight {unknown}


   Skills:
 + Level 3.7 Fighting
 + Level 5.2 Short Blades
 - Level 2.4 Dodging
 + Level 7.8 Stealth
 + Level 7.4 Spellcasting
 + Level 8.1 Hexes
 + Level 3.9 Translocations


You had 9 spell levels left.
You knew the following spells:

 Your Spells              Type           Power      Damage    Failure   Level
a - Dazzling Flash        Conj/Hex       72%        N/A       2%          3
b - Ensorcelled Hibernat  Hex/Ice        72%        N/A       1%          2
c - Confusing Touch       Hex            57%        N/A       1%          3
d - Tukima's Dance        Hex            57%        N/A       1%          3
e - Blink                 Tloc           72%        N/A       1%          2

Your spell library contained the following spells:

 Spells                   Type           Power      Damage    Failure   Level
 Lesser Beckoning         Tloc           72%        N/A       1%          2
 Momentum Strike          Conj/Tloc      46%        3d9       2%          2
 Vhi's Electric Charge    Tloc/Air       46%        N/A       5%          3
 Cigotuvi's Dreadful Rot  Necr/Pois/Air  22%        N/A       6%          2
 Hailstorm                Conj/Ice       11%        3d5       13%         3
 Airstrike                Air            5%         2d(1-17)  38%         4
 Dispel Undead            Necr           11%        3d9       38%         4
 Ice Form                 Ice/Tmut       11%        N/A       38%         4
 Summon Lightning Spire   Summ/Air       11%        N/A       38%         4
 Arcjolt                  Conj/Air       5%         1d15      75%         5
 Lightning Bolt           Conj/Air       5%         1d17      75%         5
 Death Channel            Necr           5%         N/A       100%        6
 Simulacrum               Ice/Necr       5%         N/A       100%        6
 Maxwell's Capacitive Co  Air            5%         ∞         100%        8


Dungeon Overview and Level Annotations

Branches:
Dungeon (7/15)             Temple (0/1) D:5

Altars:
Dithmenos
Fedhas
Gozag
Hepliaklqana

Shops:
D:7 :[


Message History

Aiming: Ensorcelled Hibernation (safe; 1% risk of failure)
Press: ? - help, Shift-Dir - straight line, f - killer bee
Aim: a killer bee (umbra, chance to affect: 72%)
The killer bee struggles to resist.
You feel sick. The killer bee misses you. The killer bee stings you.
You are more poisoned.
The killer bee poisons you! The killer bee barely misses you.
The killer bee completely misses you.
Casting: Ensorcelled Hibernation (safe; 1% risk of failure)
Confirm with . or Enter, or press ? or * to list all spells.
Aiming: Ensorcelled Hibernation (safe; 1% risk of failure)
Press: ? - help, Shift-Dir - straight line, f/p - killer bee
Aim: a killer bee (umbra, chance to affect: 72%)
The killer bee looks drowsy...
You feel sick. The killer bee stings you.
* * * LOW HITPOINT WARNING * * *
You are lethally poisoned!
The killer bee poisons you!
The killer bee stings you but does no damage.
The helpless killer bee fails to defend itself.
You skewer the killer bee like a kebab!!!
You kill the killer bee!
Dithmenos accepts your kill.
* * * LOW HITPOINT WARNING * * *
You feel very sick. The killer bee stings you.
* * * LOW HITPOINT WARNING * * *
You are more poisoned.
The killer bee poisons you! The killer bee stings you.
* * * LOW HITPOINT WARNING * * *
Casting: Ensorcelled Hibernation (safe; 1% risk of failure)
Confirm with . or Enter, or press ? or * to list all spells.
Aiming: Ensorcelled Hibernation (safe; 1% risk of failure)
Press: ? - help, Shift-Dir - straight line, f - killer bee
Aim: a killer bee (umbra, chance to affect: 72%)
The killer bee looks drowsy...
* * * LOW HITPOINT WARNING * * *
You feel very sick.
Your magical contamination has completely faded away.
It was a potion of cancellation.
You feel magically purged.
You die...

#...# #...# #...#
#...# # #...#
##.. #...## ##...
# #....##...# ###
#....#y.# ..##
#.....@# ...###
#....### .....##
#...y. ......#
#....y.. ......#
#....yy..
......##.......y.
......#........
............
............


You could see a killer bee (asleep).

Vanquished Creatures
  Grinder (D:4)
  Prince Ribbit (D:7)
  A wyvern (D:7)
  A steam dragon (D:7)
  2 water moccasins (D:7)
  A sky beast (D:7)
  2 ice beasts
  An ogre (D:6)
  A bullfrog (D:6)
  2 scorpions
  A necrophage (D:5)
  3 killer bees (D:7)
  A howler monkey (D:7)
  A jelly (D:6)
  Crazy Yiuf (D:5)
  2 hounds
  Jessica (D:3)
  5 iguanas
  2 orc wizards
  2 gnolls (D:7)
  4 adders
  A white imp (D:6)
  An ufetubus (D:5)
  A worm (D:2)
  15 orcs
  11 ball pythons
  5 bats
  6 endoplasms
  3 giant cockroaches
  3 goblins
  5 hobgoblins
  5 kobolds
  3 quokkas
  2 frilled lizards (D:1)
  6 rats
103 creatures vanquished.

Vanquished Creatures (collateral kills)
  Sigmund (D:4)
  A gnoll (D:7)
  An orc (D:4)
3 creatures vanquished.

Vanquished Creatures (others)
  2 fungi (D:5)
2 creatures vanquished.

Grand Total: 108 creatures vanquished

Notes
Turn   | Place    | Note
-------+----------+-------------------------------------------
     0 | D:1      | mopl the Deep Elf Enchanter began the quest for the Orb.
     0 | D:1      | Reached XP level 1. HP: 10/10 MP: 6/6
   284 | D:1      | Reached XP level 2. HP: 15/15 MP: 8/8
   287 | D:1      | Learned a level 2 spell: Ensorcelled Hibernation
   469 | D:1      | Reached skill level 4 in Stealth
   822 | D:1      | Reached XP level 3. HP: 12/19 MP: 7/10
   862 | D:1      | Learned a level 3 spell: Confusing Touch
   866 | D:1      | Learned a level 3 spell: Tukima's Dance
  1646 | D:3      | Noticed Jessica
  1702 | D:2      | Reached skill level 2 in Short Blades
  1754 | D:3      | Reached XP level 4. HP: 24/24 MP: 8/11
  1757 | D:3      | Killed Jessica
  1758 | D:3      | Reached skill level 4 in Spellcasting
  1758 | D:3      | Reached skill level 5 in Hexes
  2220 | D:3      | Learned a level 3 spell: Dazzling Flash
  2340 | D:4      | Found a hazy altar of Hepliaklqana.
  2386 | D:4      | Noticed Sigmund
  2403 | D:4      | Killed Sigmund
  2404 | D:4      | Reached skill level 1 in Fighting
  2404 | D:4      | Reached skill level 5 in Stealth
  2404 | D:4      | Reached XP level 5. HP: 22/29 MP: 11/14
  2404 | D:4      | Reached XP level 6. HP: 26/34 MP: 11/15
  2489 | D:4      | Reached skill level 3 in Short Blades
  2601 | D:4      | Noticed Grinder
  2613 | D:4      | Killed Grinder
  2614 | D:4      | Reached skill level 5 in Spellcasting
  2614 | D:4      | Reached skill level 6 in Hexes
  2975 | D:5      | Entered Level 5 of the Dungeon
  3028 | D:5      | Reached XP level 7. HP: 39/39 MP: 15/17
  3077 | D:5      | Found a shadowy altar of Dithmenos.
  3092 | D:5      | Became a worshipper of Dithmenos the Shadowed
  3169 | D:5      | Reached skill level 2 in Fighting
  3169 | D:5      | Reached skill level 6 in Stealth
  3181 | D:5      | Learned a level 2 spell: Blink
  3261 | D:5      | Found a blossoming altar of Fedhas.
  3345 | D:5      | Found a staircase to the Ecumenical Temple.
  3589 | D:5      | Found a runed translucent door.
  3590 | D:5      | Noticed Crazy Yiuf
  3599 | D:5      | Killed Crazy Yiuf
  3660 | D:6      | Reached skill level 1 in Translocations
  3737 | D:6      | Found an opulent altar of Gozag.
  3782 | D:6      | Reached skill level 4 in Short Blades
  4019 | D:6      | Reached skill level 6 in Spellcasting
  4093 | D:6      | Reached skill level 2 in Translocations
  4093 | D:6      | Reached XP level 8. HP: 33/45 MP: 15/19
  4361 | D:7      | Reached skill level 7 in Hexes
  4419 | D:7      | Identified the +8 chain mail of Surprise {rCorr Int+3}
  4461 | D:7      | Reached * piety under Dithmenos
  4475 | D:7      | Reached skill level 3 in Fighting
  4475 | D:7      | Reached skill level 7 in Stealth
  4481 | D:7      | Reached skill level 3 in Translocations
  4573 | D:7      | Found Xofug's Book Shop.
  4593 | D:7      | Noticed Prince Ribbit
  4600 | D:7      | Killed Prince Ribbit
  4601 | D:7      | Reached skill level 5 in Short Blades
  4601 | D:7      | Reached skill level 7 in Spellcasting
  4606 | D:7      | Reached XP level 9. HP: 8/51 MP: 18/21
  4872 | D:7      | Reached skill level 8 in Hexes
  4900 | D:7      | Found Gamyjao's Antique Armour Shop.
  4915 | D:7      | Bought a runed scarf for 240 gold pieces
  5033 | D:7      | HP: 2/52 [poisoned by a killer bee]
  5034 | D:7      | Succumbed to a killer bee's poison

Illustrated notes

Levels and vault maps discovered:
D:1:      onia_arrival_mini_maze, layout_loops_cross, minmay_pentomino_z2
D:2:      layout_loops_ring, st_stairs_2
D:3:      layout_basic, uniq_jessica
D:4:      layout_loops_ring, mainiacjoe_overflow_concentric_impassable,
          uniq_sigmund, uniq_grinder
D:5:      layout_rooms, grunt_dithmenos_smoke_and_mirrors,
          mainiacjoe_overflow_six_doors_small, minmay_temple_entry_large_hall,
          minmay_hedge_maze, feat_on_display, uniq_crazy_yiuf_cottage
D:6:      layout_loops_ring, overflow_temple_1_default
D:7:      layout_cave_pods, serial_shops, nicolae_shop_crystal,
          nicolae_shop_waterfront, uniq_prince_ribbit1

Skill      XL: |  1  2  3  4  5  6  7  8  9 |
---------------+----------------------------+-----
Stealth        | 4 5 6 7 |  7.8
Short Blades   | 2 3 4 5 |  5.2
Spellcasting   | 4 5 6 7 |  7.4
Hexes          | 5 6 7 8 |  8.1
Fighting       | 1 2 3 |  3.7
Translocations | 2 3 |  3.9
Dodging        | |  2.4

Action                     |  1- 3 |  4- 6 |  7- 9 || total
---------------------------+-------+-------+-------++-------
  Melee: Dagger            |   112 |    48 |    97 ||   257
         Punch             |     1 |       |       ||     1
         Unarmed           |       |       |     2 ||     2
  Throw: Dart              |     1 |       |       ||     1
   Cast: Ensorcelled Hiber |    20 |     8 |    54 ||    82
         Tukima's Dance    |       |     1 |     2 ||     3
         Confusing Touch   |       |     1 |     3 ||     4
    Use: Potion            |       |       |     1 ||     1
   Stab: Sleeping          |    23 |     9 |    36 ||    68
         Confused          |       |     3 |     2 ||     5
 Armour: Robe              |    17 |     9 |     6 ||    32
  Dodge: Dodged            |    52 |    23 |    72 ||   147

Table legend: (Time is in decaauts)
 A = Elapsed time spent in this place.
 B = Non-inter-level travel time spent in this place.
 C = Inter-level travel time spent in this place.
 D = Time resting spent in this place.
 E = Time spent auto-exploring this place.
 F = Levels seen in this place.
 G = Mean time per level.
                   A        B        C        D        E       F      G
               +--------+--------+--------+--------+--------+-----+--------+
         Total |   4995 |   4850 |    145 |    514 |   3309 |   7 |  713.6 |
       Dungeon |   4995 |   4850 |    145 |    514 |   3309 |   7 |  713.6 |
               +--------+--------+--------+--------+--------+-----+--------+

Top non-repeatable levels by time:
     D:1: 892 daAuts
     D:4: 729 daAuts
     D:2: 711 daAuts
     D:6: 701 daAuts
     D:7: 685 daAuts
     D:5: 644 daAuts
     D:3: 629 daAuts
